 Dungeon Crawl Stone Soup version 0.23-a0-305-g7ffd15e (webtiles) character file.

50708 namelastname112 the Cleaver (level 14, -6/114 HPs)
             Began as a White Draconian Wanderer on Oct 9, 2018.
             Was a Follower of Uskayaw.
             Mangled by a minotaur
             ... wielding a +0 trident
              (30 damage)
             ... in a labyrinth.
             The game lasted 00:31:43 (19079 turns).

namelastname112 the Cleaver (DrWn)                 Turns: 19079, Time: 00:31:44

Health: -6/114     AC: 11    Str: 15    XL:     14   Next: 20%
Magic:  18/22      EV: 26    Int: 13    God:    Uskayaw [*.....]
Gold:   808        SH:  5    Dex: 24    Spells: 13/13 levels left

rFire    . . .     SeeInvis .   G - +9 hand axe "Toytedue" {holy, +Rage Str-3 Dex+2}
rCold    + . .     Gourm    .   A - +0 buckler
rNeg     . . .     Faith    +   (armour unavailable)
rPois    .         Spirit   .   (helmet restricted)
rElec    .         Reflect  .   i - scarf {repulsion}
rCorr    +         Harm     .   O - +0 pair of gloves
MR       ++...                  D - +1 pair of boots
Stlth    +++.......             t - amulet of faith
HPRegen  0.29/turn              C - ring of protection from magic
MPRegen  0.18/turn              M - ring of resist corrosion

@: mighty, agile, hasted, repel missiles, very quick
A: breathe frost, unfitting armour, stinger 1, cold resistance 1, frail 1,
cold-blooded, AC +8
a: Breathe Frost, Stomp, Renounce Religion, Evoke Berserk Rage


You were in a labyrinth.
You worshipped Uskayaw.
Uskayaw was aware of your devotion.
You were not hungry.

You visited 3 branches of the dungeon, and saw 15 of its levels.
You also visited: Labyrinth.

You collected 1006 gold pieces.
You spent 198 gold pieces at shops.

Inventory:

Hand Weapons
 b - a +0 falchion
 h - a +3 hand axe of flaming
 y - a +0 war axe
 G - the +9 hand axe "Toytedue" (weapon) {holy, +Rage Str-3 Dex+2}
   (You bought it in a shop on level 8 of the Dungeon)

   It has been blessed by the Shining One to cause great damage to the undead
   and demons.
   It affects your strength (-3).
   It affects your dexterity (+2).
   It lets you go berserk.
 R - a +0 blowgun
 U - a +3 battleaxe
Missiles
 N - 3 throwing nets (quivered)
 S - 10 curare-tipped needles
Armour
 i - a scarf of repulsion (worn)
 A - a +0 buckler (worn)
 D - a +1 pair of boots (worn)
 O - a +0 pair of gloves (worn)
 P - a cursed +0 cloak
 Q - the +3 hat "Cuppitz" {-Tele rC+ MR+ Str+2}
   (You found it on level 12 of the Dungeon)

   It affects your strength (+2).
   It protects you from cold.
   It affects your resistance to hostile enchantments.
   It prevents most forms of teleportation.
Jewellery
 q - an uncursed ring of fire
 t - an amulet of faith (around neck)
 C - a ring of protection from magic (left hand)
 E - an uncursed amulet of regeneration {unknown}
 M - a ring of resist corrosion (right hand)
 T - an uncursed ring of see invisible {unknown}
Wands
 B - a wand of paralysis (18)
 F - a wand of digging (21)
 J - a wand of random effects (42)
Scrolls
 a - 2 scrolls of remove curse
 f - 4 scrolls of blinking
 g - 2 scrolls of amnesia
 k - 6 scrolls of teleportation
 m - 2 scrolls of enchant weapon
 n - a scroll of enchant armour
 w - 2 scrolls of fear
 x - a scroll of magic mapping
 K - 3 scrolls of fog
Potions
 c - 2 potions of lignification
 e - a potion of heal wounds
 j - a potion of might
 l - 2 potions of flight
 p - 2 potions of mutation
 r - 2 potions of haste
 s - 9 potions of curing
 u - a potion of agility
 v - 2 potions of cancellation
 z - a potion of ambrosia
 I - 3 potions of brilliance
Comestibles
 d - 25 rations


   Skills:
 + Level 12.4 Fighting
 - Level 1.8 Long Blades
 * Level 14.6 Axes
 + Level 10.2 Dodging
 - Level 1.0 Stealth
 + Level 11.2 Invocations
 - Level 1.0 Evocations


You had 13 spell levels left.
You didn't know any spells.
Your spell library was empty.

Dungeon Overview and Level Annotations

Branches:
Dungeon (13/15)            Temple (1/1) D:5            Lair (1/6) D:11
    Orc (0/2) D:9
 Vaults: D:13-14

Altars:
Cheibriados
Elyvilon
Fedhas
Hepliaklqana
Ru
Uskayaw
Zin

Shops:
D:7 *   D:8 *   D:10 *   D:13 (

Annotations:
D:7 1 runed door, nht's ghost, novice OpAs


Innate Abilities, Weirdness & Mutations

You can breathe waves of freezing cold.
You can buffet flying creatures when you breathe cold.
Your icy white scales are hard. (AC +8)
You cannot fit into any form of body armour.
Your flesh is cold resistant. (rC+)
You are cold-blooded and may be slowed by cold attacks.
Your tail ends in a poisonous barb.
You are frail. (-10% HP)


Message History

You completely miss the minotaur.
Your tail-slap misses the minotaur.
The minotaur is moderately wounded.
You hit the minotaur. You tail-slap the minotaur.
The minotaur is poisoned.
The minotaur is moderately wounded.
You hit the minotaur.
The minotaur is moderately wounded.
The minotaur hits you with a trident!!
* * * LOW HITPOINT WARNING * * *
The minotaur gores you.
* * * LOW HITPOINT WARNING * * *
You take 32 damage, and have 24/114 hp.
MASSIVE DAMAGE!!
You slash the minotaur!
The minotaur is heavily wounded.
You can now pass through a line of other dancers.
Aiming: Line Pass
Press: ? - help, Dir - move target cursor, p - minotaur The minotaur appears confused.
You feel somewhat more hungry.
You can no longer pass through a line of other dancers.
The minotaur hits you with a trident!!
You die...

..#. #.#
###. #
#.#..
#.#.#.###
#...#.#.#.#
##...(....#
# .##'##..#
.#
##.#8H8#. #
#..
...#.@.#..
# .## #8.8#
.## ..#
#..#[.=#. .
# #
.#8.8#..###
.. #
..#:.:#. #.
#.
..#8<8#.#
.# # . #...
#####.. ..#
.##.. ....
##.# #.
.#...
..#...#


You could see a minotaur (confused).

Vanquished Creatures
  An entropy weaver (D:13)
  Harold (Lair:1)
  Erica (D:9)
  A death knight (D:13)
  A centaur warrior (D:13)
  3 death yaks (D:12)
  A two-headed ogre (D:13)
  A queen ant (D:13)
  Sonja (D:13)
  4 unseen horrors
  A flayed ghost (D:8)
  Pikel (D:4)
  An oklob plant (D:11)
  An ugly thing (D:11)
  A manticore (D:11)
  Joseph (D:9)
  A centaur zombie (D:10)
  Maurice (D:12)
  A spiny frog (Lair:1)
  2 gargoyles
  A komodo dragon (D:11)
  4 trolls
  A tengu conjurer (D:9)
  A queen bee (D:9)
  A merfolk (D:9)
  Prince Ribbit (D:5)
  7 slime creatures
  Grinder (D:5)
  2 hippogriffs
  A meliai zombie (D:11)
  Sigmund (D:2)
  A wyvern (D:8)
  18 yaks
  3 wraiths
  Eustachio (D:5)
  2 vampire mosquitoes (D:13)
  3 hungry ghosts
  19 soldier ants
  4 water moccasins
  4 orc warriors
  A black bear (D:8)
  5 ice beasts
  2 eyes of draining
  3 necrophages
  2 phantoms
  3 sky beasts
  10 ogres
  15 centaurs
  A crocodile (Lair:1)
  A big kobold (D:7)
  10 bullfrogs
  A gnoll sergeant (D:9)
  A wyvern zombie (D:13)
  A wyvern skeleton (D:12)
  4 scorpions
  21 killer bees
  10 wights
  2 howler monkeys
  A bullfrog zombie (D:8)
  6 crimson imps
  2 quasits
  2 hounds
  3 jellies
  3 orc priests
  5 centaur skeletons
  2 bullfrog skeletons
  An iguana (D:7)
  23 worker ants
  8 orc wizards
  A hound zombie (D:5)
  2 hound skeletons
  A howler monkey zombie (D:5)
  A howler monkey skeleton (D:10)
  3 gnolls (D:9)
  7 adders
  2 shadow imps
  An ooze (D:5)
  An adder zombie (D:6)
  2 adder skeletons (D:5)
  5 worms
  3 dart slugs
  4 leopard geckos
  55 orcs
  9 giant cockroaches
  6 goblins
  9 hobgoblins
  A jackal (D:5)
  4 quokkas
  5 ball pythons
  15 bats
  11 frilled lizards
  A giant cockroach zombie (D:6)
  A jackal zombie (D:5)
  14 kobolds
  11 rats
  A fungus (Lair:1)
  2 plants (D:11)
429 creatures vanquished.

Vanquished Creatures (others)
  A giant cockroach (D:3)
  A plant (D:11)
2 creatures vanquished.

Grand Total: 431 creatures vanquished

Notes
Turn   | Place    | Note
-------+----------+-------------------------------------------
     0 | D:1      | namelastname112 the Draconian Wanderer began the quest for
                  | the Orb.
     0 | D:1      | namelastname112 set off with: a +2 hand axe, a +0 falchion,
                  | a potion of lignification, a ration
     0 | D:1      | Reached XP level 1. HP: 22/22 MP: 1/1
    55 | D:1      | Reached XP level 2. HP: 20/28 MP: 2/2
   132 | D:1      | Goblin1989: ты первого попавшего бога берешь что ли?
   206 | D:1      | Goblin1989: о, ничего себе везуха
   222 | D:1      | namelastname112: когда как
   223 | D:1      | Goblin1989: лэйер пойден!
   443 | D:1      | Reached XP level 3. HP: 35/35 MP: 3/3
   747 | D:2      | Reached skill level 5 in Fighting
   747 | D:2      | Reached skill level 2 in Axes
   747 | D:2      | Reached XP level 4. HP: 42/42 MP: 4/4
   816 | D:2      | Noticed Sigmund
   819 | D:2      | Goblin1989: еще бы дракончика бронированного....
   834 | D:2      | Killed Sigmund
   834 | D:2      | Reached skill level 3 in Axes
   834 | D:2      | Reached XP level 5. HP: 31/49 MP: 5/5
  1086 | D:2      | Reached XP level 6. HP: 56/56 MP: 6/6
  1310 | D:3      | Goblin1989: щит возьми, дефенсить лучше чем не дефенсить
  1330 | D:3      | Goblin1989: или не хочешь?
  1330 | D:3      | namelastname112: да ну
  1330 | D:3      | namelastname112: с 0 скилла с ларджем
  1330 | D:3      | namelastname112: хуита получится
  1394 | D:3      | Found a hide-covered altar of Uskayaw.
  1394 | D:3      | Noticed a hand axe
  1394 | D:3      | Noticed a dagger
  1399 | D:3      | Became a worshipper of Uskayaw the Reveler
  1468 | D:3      | Reached * piety under Uskayaw
  1562 | D:3      | Reached ** piety under Uskayaw
  1983 | D:3      | Reached skill level 4 in Axes
  2173 | D:3      | Reached skill level 1 in Invocations
  2302 | D:4      | Noticed Pikel
  2302 | D:4      | Noticed a slave
  2302 | D:4      | Noticed a slave
  2303 | D:4      | Noticed a slave
  2303 | D:4      | Noticed a slave
  2565 | D:4      | Killed Pikel
  2565 | D:4      | Reached skill level 5 in Axes
  2565 | D:4      | Your scales start taking on an icy white colour.
  2565 | D:4      | Reached XP level 7. HP: 19/64 MP: 6/9
  2565 | D:4      | Gained mutation: Your flesh is cold resistant. (rC+) [White
                  | Draconian growth]
  2565 | D:4      | Reached *** piety under Uskayaw
  3474 | D:5      | Entered Level 5 of the Dungeon
  3487 | D:5      | Found a staircase to the Ecumenical Temple.
  3552 | D:5      | Reached XP level 8. HP: 64/71 MP: 10/10
  3574 | D:5      | Noticed Eustachio
  3585 | D:5      | Killed Eustachio
  3585 | D:5      | Reached skill level 6 in Axes
  3803 | D:5      | Reached **** piety under Uskayaw
  3945 | D:5      | Noticed Prince Ribbit
  4149 | D:5      | Noticed Grinder
  4153 | D:5      | Paralysed by Grinder for 5 turns
  4165 | D:5      | Killed Grinder
  4165 | D:5      | Reached skill level 7 in Axes
  4165 | D:5      | Reached skill level 5 in Dodging
  4165 | D:5      | Reached ***** piety under Uskayaw
  4738 | D:5      | Killed Prince Ribbit
  4738 | D:5      | Reached XP level 9. HP: 23/79 MP: 8/12
  5007 | Temple   | Entered the Ecumenical Temple
  5143 | D:6      | Reached skill level 5 in Invocations
  5529 | D:6      | Reached skill level 8 in Axes
  5908 | D:7      | Found Ycycux's Assorted Antiques.
  5979 | D:7      | Bought a lumpy white potion for 22 gold pieces
  6118 | D:7      | Found a runed door.
  6125 | D:7      | Noticed nht's ghost (novice OpAs)
  6784 | D:7      | Goblin1989: еще щит один
  6892 | D:8      | Found Ebit's Assorted Antiques.
  6897 | D:8      | Bought a blue potion for 16 gold pieces
  6897 | D:8      | Bought a blue potion for 16 gold pieces
  6897 | D:8      | Bought a twisted hand axe for 144 gold pieces
  6897 | D:8      | Identified the +9 hand axe "Toytedue" {holy, +Rage Str-3
                  | Dex+2} (You bought it in a shop on level 8 of the Dungeon)
  6914 | D:8      | Reached skill level 9 in Axes
  7348 | D:8      | Reached XP level 10. HP: 87/90 MP: 14/14
  7376 | D:8      | Found a white marble altar of Elyvilon.
  8039 | D:8      | Killed an unseen horror
  8256 | D:8      | Noticed a flayed ghost
  8267 | D:8      | Killed a flayed ghost
  8267 | D:8      | Reached skill level 10 in Axes
  8351 | D:8      | Killed an unseen horror
  9048 | D:9      | Reached XP level 11. HP: 78/99 MP: 16/16
  9948 | D:9      | Found a staircase to the Orcish Mines.
  9953 | D:9      | Noticed Erica
  9972 | D:9      | Killed Erica
  9972 | D:9      | Reached skill level 11 in Axes
 10322 | D:9      | Reached skill level 10 in Fighting
 10680 | D:9      | Noticed Joseph
 10699 | D:9      | Killed Joseph
 11205 | D:10     | Entered Level 10 of the Dungeon
 11532 | D:10     | Found Riuruima's Island Escapes.
 11616 | D:10     | Reached ****** piety under Uskayaw
 12685 | D:11     | Killed an unseen horror
 12685 | D:11     | Reached skill level 12 in Axes
 13062 | D:11     | Noticed a cyan ugly thing
 13075 | D:11     | Killed a cyan ugly thing
 13616 | D:11     | Noticed an oklob plant
 13619 | D:11     | Found a staircase to the Lair.
 13846 | D:11     | Killed an oklob plant
 13846 | D:11     | Reached XP level 12. HP: 108/108 MP: 18/18
 14360 | D:12     | Noticed Maurice
 14376 | D:12     | Killed Maurice
 14382 | D:12     | Got a polished hat
 14389 | D:12     | Identified the +3 hat "Cuppitz" {-Tele rC+ MR+ Str+2} (You
                  | found it on level 12 of the Dungeon)
 14398 | D:12     | Noticed a death yak
 14398 | D:12     | Noticed a death yak
 14399 | D:12     | Noticed a death yak
 14403 | D:12     | Noticed a death yak
 14473 | D:12     | Killed a death yak
 14475 | D:12     | Killed a death yak
 14595 | D:12     | Killed a death yak
 15367 | D:12     | Reached skill level 13 in Axes
 15775 | D:13     | Noticed Sonja
 15786 | D:13     | Killed Sonja
 15996 | D:13     | Reached skill level 10 in Invocations
 16276 | D:13     | Noticed a queen ant
 16321 | D:13     | Killed a queen ant
 16331 | D:13     | Noticed an entropy weaver
 16337 | D:13     | Found a hazy altar of Hepliaklqana.
 16339 | D:13     | Noticed a centaur warrior
 16372 | D:13     | Killed a centaur warrior
 16495 | D:13     | Noticed a death knight
 16516 | D:13     | Killed a death knight
 16818 | D:13     | Reached XP level 13. HP: 71/117 MP: 20/20
 16819 | D:13     | Reached skill level 14 in Axes
 16819 | D:13     | Reached XP level 14. HP: 77/126 MP: 20/22
 16977 | D:13     | Reached skill level 10 in Dodging
 17146 | D:13     | Found Foyl Ora's Weapon Shoppe.
 17385 | D:13     | Noticed an entropy weaver
 17635 | D:13     | HP: 2/126 [entropy weaver (10)]
 17641 | D:13     | Killed an entropy weaver
 18717 | Lair:1   | Entered Level 1 of the Lair of Beasts
 18757 | Lair:1   | Noticed Harold
 18775 | Lair:1   | Killed Harold
 18791 | Lair:1   | Found a labyrinth entrance.
 18809 | Lab      | Entered a labyrinth
 19065 | Lab      | Gained mutation: You are frail. (-10% HP) [potion of
                  | mutation]
 19065 | Lab      | Gained mutation: Your tail ends in a poisonous barb.
                  | [potion of mutation]
 19079 | Lab      | Mangled by a minotaur

Vault maps used:
D:1:      roderic_crop_circles_arrival_small, minmay_misc_feat_enclosed,
          st_stairs_9
D:2:      uniq_sigmund
D:3:      dancing_weapons_uskayaw, roderic_lattice_a
D:4:      uniq_pikel
D:5:      cheibrodos_barr_body, minmay_temple_entry_statues_fountains,
          first_ration, uniq_prince_ribbit1, uniq_eustachio, uniq_grinder
D:7:      serial_shops, kennysheep_mini_moat, gammafunk_ghost_grave
D:8:      serial_shops, kennysheep_little_box, basic_altar, minmay_evil_grid
D:9:      orc_0_dummy, hangedman_fish_farm, kennysheep_cross_bottleneck,
          hive_lemuel, uniq_erica, uniq_joseph
D:10:     nicolae_island_escapes
D:11:     dpeg_oklobed_lair, minmay_misc_feat_plants
D:12:     argonaut_augean_stables, minmay_misc_feat_cross, stair_cage_wide,
          minivault_19, uniq_maurice
D:13:     basic_altar, serial_shops, shop, zaba_antful_of_joy, uniq_sonja
Temple:   nicolae_temple_the_god_donut
Lair:1:   lab_entry_generic, ebering_ghost_inner_flame, uniq_harold
Lab:      nicolae_lab_dead_adventurers, nicolae_lab_t_cross,
          nicolae_lab_dead_end

Skill      XL: |  1  2  3  4  5  6  7  8  9 10 11 12 13 14 |
---------------+-------------------------------------------+-----
Dodging        | 2 3 4 5 6 7 8 9 10 | 10.2
Fighting       | 5 6 7 8 9 10 11 12 | 12.4
Axes           | 2 3 5 7 9 10 12 13 14 | 14.6
Invocations    | 2 3 4 6 7 9 10 11 | 11.2
Long Blades    | |  1.8
Stealth        | |  1.0
Evocations     | |  1.0

Action                   |  1- 3 |  4- 6 |  7- 9 | 10-12 | 13-15 || total
-------------------------+-------+-------+-------+-------+-------++-------
Melee: Hand axe          |    70 |   159 |   332 |   821 |   176 ||  1558
       Tailslap          |     5 |    11 |    47 |   130 |    30 ||   223
       Unarmed           |       |     7 |       |       |       ||     7
Invok: Stomp             |       |       |     1 |       |       ||     1
       Line Pass         |       |       |     2 |       |     1 ||     3
 Abil: Breathe Frost     |       |       |     5 |     9 |     2 ||    16
Evoke: Wand              |       |       |       |    14 |    14 ||    28
  Use: Potion            |       |     1 |       |     6 |     6 ||    13
       Scroll            |       |       |    13 |    16 |     1 ||    30
 Stab: Sleeping          |     1 |     2 |     3 |     7 |       ||    13
       Distracted        |       |     1 |     1 |     1 |       ||     3
       Paralysed         |       |       |    27 |   101 |    14 ||   142
       Confused          |       |       |     1 |     3 |     4 ||     8
  Eat: Chunk             |       |     4 |     7 |    15 |     3 ||    29
       Ration            |       |       |     4 |     6 |     2 ||    12
Armor: Skin              |    25 |    40 |    64 |   171 |    25 ||   325
Dodge: Dodged            |    55 |   118 |   227 |   458 |   120 ||   978
       Deflected         |       |     2 |     2 |    16 |     2 ||    22
Block: Buckler           |       |       |       |    74 |    14 ||    88

Table legend:
 A = Non-vault XP
 B = Vault XP
 C = Vault XP percentage of total XP
 D = Non-vault monster count
 E = Vault monster count
 F = Vault count percentage of total count
                 A         B        C        D         E       F
            +---------+---------+-------+---------+---------+-------
      Total |   26142 |   19851 |  43.2 |     307 |     119 |  27.9
            +---------+---------+-------+---------+---------+-------
        D:1 |      40 |       3 |   7.0 |      27 |       2 |   6.9
        D:2 |     100 |     238 |  70.4 |      25 |       1 |   3.8
        D:3 |     230 |       0 |   0.0 |      29 |       0 |   0.0
        D:4 |     135 |     629 |  82.3 |       6 |       1 |  14.3
        D:5 |     579 |    1106 |  65.6 |      13 |      14 |  51.9
        D:6 |     727 |       0 |   0.0 |      20 |       0 |   0.0
        D:7 |     946 |       0 |   0.0 |      17 |       0 |   0.0
        D:8 |    2748 |    2847 |  50.9 |      33 |       9 |  21.4
        D:9 |    2027 |    2520 |  55.4 |      23 |      16 |  41.0
       D:10 |    2215 |     352 |  13.7 |      16 |      26 |  61.9
       D:11 |    4408 |     565 |  11.4 |      37 |       1 |   2.6
       D:12 |    3008 |    4255 |  58.6 |      20 |      12 |  37.5
       D:13 |    8314 |    6313 |  43.2 |      38 |      36 |  48.6
     Lair:1 |     665 |    1023 |  60.6 |       3 |       1 |  25.0
            +---------+---------+-------+---------+---------+-------
